 Dungeon Crawl Stone Soup version 0.20.1-1-g8b1a95d (webtiles) character file.

66 galech the Ruffian (level 3, -2/36 HPs)
             Began as a Troll Monk on Sept 13, 2017.
             Slain by Ratty's ghost (4 damage)
             ... on level 3 of the Dungeon.
             The game lasted 00:02:02 (1676 turns).

galech the Ruffian (Troll Monk)                     Turns: 1676, Time: 00:02:03

Health: -2/36      AC:  5    Str: 20    XL:     3   Next: 96%
Magic:  2/2        EV: 11    Int:  6    God:
Gold:   95         SH:  0    Dex: 12    Spells: 2/2 levels left

rFire    . . .     SeeInvis .     - Unarmed
rCold    . . .     Gourm    +   (no shield)
rNeg     . . .     Faith    .   a - +0 robe
rPois    .         Spirit   .   (helmet restricted)
rElec    .         Reflect  .   (no cloak)
rCorr    .         Harm     .   (gloves unavailable)
MR       .....                  (boots unavailable)
Stlth    +++.......             (no amulet)
Regen    0.6/turn               f - ring of stealth
MPRegen  0.1/turn               (no ring)

@: no status effects
A: unfitting armour, claws 3, fast metabolism 3, gourmand, regeneration 1,
shaggy fur 1, tough skin 2
a: no special abilities


You were on level 3 of the Dungeon.
You were completely stuffed.

You visited 1 branch of the dungeon, and saw 3 of its levels.

You collected 95 gold pieces.

Inventory:

Armour
 a - a +0 robe (worn)
Jewellery
 f - a ring of stealth (left claw)
Scrolls
 e - 2 scrolls of remove curse {unknown}
 g - 4 scrolls of identify {unknown}
 i - a scroll of random uselessness {unknown}
 l - a scroll of amnesia {unknown}
 m - a scroll of fear {unknown}
Potions
 c - a potion of brilliance {unknown}
 h - a potion of mutation {unknown}
 k - a potion of degeneration {unknown}
Comestibles
 b - 4 bread rations
 j - 9 fruits
 n - a royal jelly


   Skills:
 + Level 2.6 Fighting
 + Level 3.1 Dodging
 + Level 1.2 Stealth
 + Level 3.8 Unarmed Combat


You had 2 spell levels left.
You didn't know any spells.

Dungeon Overview and Level Annotations

Branches:
Dungeon (3/15)

Altars:
Elyvilon
Gozag

Annotations:
D:3 Ratty's ghost, novice OpAE


Innate Abilities, Weirdness & Mutations

You are too large for most types of armour.
You have claws for hands.
Your metabolism is lightning-fast.
You like to eat raw meat.
Your natural rate of healing is unusually fast.
You are covered in fur. (AC +1)
You have very tough skin. (AC +2)


Message History

You are too injured to fight recklessly!
You are too injured to fight recklessly!
You are too injured to fight recklessly!
You are too injured to fight recklessly!
You are too injured to fight recklessly!
You are too injured to fight recklessly!
You are too injured to fight recklessly!
You are too injured to fight recklessly!
You are too injured to fight recklessly!
You are too injured to fight recklessly!
You are too injured to fight recklessly!
You are too injured to fight recklessly!
You scratch Ratty's ghost but do no damage.
Ratty's ghost stares at you and mumbles some strange words.
The zap hits you!
* * * LOW HITPOINT WARNING * * *
You claw Ratty's ghost! Your claw misses Ratty's ghost.
Ratty's ghost is moderately damaged.
Ratty's ghost hits you.
You die...

#.........#
##..........
.........# ##.......##
. ########.........#
.. ##...........>....#
...#....$.##.........#
..........##.!W@.†...#
....#.....##.........#
........<......).....#
..##................#
#....[####..##...#
#......# ##..#####
#...$$$# ##...
###.$_$# ###.. #.$$$#
..


You could see Ratty's ghost.

Vanquished Creatures
  An adder (D:2)
  A gnoll (D:1)
  An ooze (D:3)
  A worm (D:2)
  2 leopard geckos
  2 bats
  6 giant cockroaches
  3 goblins
  7 hobgoblins
  3 kobolds
  A quokka (D:2)
  3 frilled lizards
  5 rats
36 creatures vanquished.

Notes
Turn   | Place    | Note
-------+----------+-------------------------------------------
     0 | D:1      | galech the Troll Monk began the quest for the Orb.
     0 | D:1      | Reached XP level 1. HP: 22/22 MP: 0/0
   216 | D:1      | Reached XP level 2. HP: 23/29 MP: 1/1
   762 | D:1      | Reached XP level 3. HP: 29/36 MP: 2/2
   967 | D:2      | Found a white marble altar of Elyvilon.
  1649 | D:3      | Found an opulent altar of Gozag.
  1662 | D:3      | Noticed Ratty's ghost (novice OpAE)
  1676 | D:3      | Slain by Ratty's ghost

Skill      XL: |  1  2  3 |
---------------+----------+-----
Dodging        | 3 |  3.1
Fighting       | |  2.6
Stealth        | |  1.2
Unarmed Combat | |  3.8

Action                   || total
-------------------------++-------
Melee: Unarmed           ||    95
       Punch             ||     2
 Stab: Sleeping          ||     4
       Distracted        ||     1
  Eat: Chunk             ||    21
Armor: Robe              ||    31
Dodge: Dodged            ||    37
